 Dungeon Crawl Stone Soup version 0.30.1-3-gfc49f6343a (webtiles) character file.

Game seed: 12746694752232566877

3520 booth the Magician (level 10, -6/72 HPs)
             Began as a Djinni Fire Elementalist on July 28, 2023.
             Was an Initiate of Ashenzari.
             Mangled by an unseen horror (9 damage)
             ... on level 7 of the Dungeon.
             The game lasted 00:51:40 (6999 turns).

booth the Magician (Djinni Fire Elementalist)       Turns: 6999, Time: 00:51:41

Health: -6/72      AC:  5    Str:  9    XL:     10   Next: 29%
Gold:   370        EV: 15    Int: 20    God:    Ashenzari [......] SH:  0 Dex: 13

rFire   + . .        g - +2 dagger (vamp)
rCold   . . .        (no shield)
rNeg    . . .        h - +1 robe {Archmagi}
rPois   ∞            (no helmet)
rElec   .            (no cloak)
rCorr   .            (no gloves)
SInv    .            (boots unavailable)
Will    +....        (no amulet)
Stlth   +++          n - ring of ice
HPRegen 0.32/turn    (no ring)
MPRegen 0.00/turn

%: clarity, archmagi, infuse magic (-7 HP)
@: flying
A: sickness immunity, fire resistance 2, cold vulnerability 1, float, innate
caster, HP casting, extra vitality 1, iridescent scales 1, clarity, mutation
resistance 1
a: Renounce Religion


You were on level 7 of the Dungeon.
You worshipped Ashenzari.
Ashenzari was noncommittal.
You visited 2 branches of the dungeon, and saw 8 of its levels.

You collected 444 gold pieces.
You spent 74 gold pieces at shops.

Inventory:

Hand Weapons
 b - a +4 short sword
 g - a +2 vampiric dagger (weapon)
 l - a +0 hand axe
 v - a +2 dagger of venom
Missiles
 k - 17 poisoned darts (quivered)
 o - 4 javelins
 s - a throwing net
Armour
 h - a +1 robe of the Archmagi (worn)
 i - a +3 ring mail
 r - a +2 robe of willpower
 w - a +0 leather armour of cold resistance
Jewellery
 n - a ring of ice (left hand)
Wands
 a - a wand of light (10)
 q - a wand of charming (6)
 y - a wand of iceblast (8)
Scrolls
 e - 2 scrolls of teleportation
 p - 2 scrolls of fog
 u - a scroll of identify
 x - a scroll of summoning {unknown}
 z - a scroll of fear
Potions
 c - 6 potions of curing
 d - 2 potions of invisibility
 j - 3 potions of resistance
 m - 3 potions of cancellation
 t - 2 potions of haste


   Skills:
 + Level 6.1 Fighting
 + Level 7.2 Dodging
 + Level 5.9 Stealth
 * Level 7.3 Spellcasting


You knew the following spells:

 Your Spells              Type           Power      Damage    Failure   Level
a - Foxfire               Conj/Fire      100%       2x1d9     1%          1
b - Scorch                Fire           100%       2d9       1%          2
c - Volatile Blastmotes   Fire/Tloc      100%       2d18      1%          3
d - Inner Flame           Hex/Fire       53%        N/A       1%          3
e - Flame Wave            Conj/Fire      53%        2d13      4%          4
f - Necrotise             Necr           100%       1d9       1%          1
g - Lesser Beckoning      Tloc           100%       N/A       1%          2
h - Static Discharge      Conj/Air       100%       2-7/arc   1%          2
i - Dispel Undead         Necr           53%        3d19      4%          4
Your spell library was empty.

Dungeon Overview and Level Annotations

Branches:
Dungeon (7/15)             Temple (1/1) D:7

Altars:
Ashenzari
Cheibriados
Dithmenos
Elyvilon
Fedhas
Gozag
Hepliaklqana
Makhleb
Nemelex Xobeh
Ru
Trog
Uskayaw
Wu Jian
Xom
Yredelemnul
Zin

Shops:
D:1 [   D:3 [


Innate Abilities, Weirdness & Mutations

You are immune to sickness and miasma.
You are immune to poison.
Your flesh is very heat resistant. (rF++)
You are vulnerable to cold. (rC-)
You float through the air rather than walking.
You learn spells naturally, not from books.
Your magical power is your life essence.
You have superior vitality. (+4 MHP)
You are partially covered in iridescent scales. (AC +2)
You possess an exceptional clarity of mind.
You are somewhat resistant to further mutation.


Message History

You feel a surge of power!
You conjure some foxfire!
Something hits you.
Your foxfire dissipates!
The foxfire hits something!
Something hits you.
Casting: Foxfire (safe; 1% risk of failure)
Confirm with . or Enter, or press ? or * to list all spells.
You feel a surge of power!
You conjure some foxfire!
Something hits you!
* * * LOW HITPOINT WARNING * * *
The foxfire hits something.
The foxfire hits something.
Something hits you.
* * * LOW HITPOINT WARNING * * *
Something hits you!
* * * LOW HITPOINT WARNING * * *
You feel much better. Something hits you.
You hit something. Something hits you.
Casting: Foxfire (safe; 1% risk of failure)
Confirm with . or Enter, or press ? or * to list all spells.
Okay, then.
Casting: Foxfire (safe; 1% risk of failure)
Confirm with . or Enter, or press ? or * to list all spells.
You feel a surge of power!
Flames lash something but do no damage.
Something hits you!
* * * LOW HITPOINT WARNING * * *
You start resting.
Something hits you.
* * * LOW HITPOINT WARNING * * *
Casting: Scorch (safe; 1% risk of failure)
Confirm with . or Enter, or press ? or * to list all spells.
You feel a surge of power!
Flames lash something.
* * * LOW HITPOINT WARNING * * *
Something hits you but does no damage.
Casting: Scorch (safe; 1% risk of failure)
Confirm with . or Enter, or press ? or * to list all spells.
Okay, then.
Casting: Scorch (safe; 1% risk of failure)
Confirm with . or Enter, or press ? or * to list all spells.
You feel a surge of power!
Nothing appears to happen.
* * * LOW HITPOINT WARNING * * *
You hit something but do no damage. Something hits you.
* * * LOW HITPOINT WARNING * * *
Something hits you!
You die...

#############
#..@........#
#..###.##.##.##
#..[.#.........###
#.##.............#
#.
#.#..⌠...⌠..#.##
#.
#.#.........#..# #
#......>.......##
#
###.........#...#
# #..⌠...⌠..#...#
#


There were no monsters in sight!

Vanquished Creatures
  Pikel (D:5)
  Maggie (D:6)
  A hornet (D:4)
  Grinder (D:3)
  A water moccasin (D:7)
  Duvessa (D:6)
  2 ice beasts (D:6)
  2 sky beasts
  A black bear (D:4)
  A centaur (D:6)
  2 ogres (D:5)
  3 phantoms
  A bullfrog (D:7)
  2 scorpions
  Dowan (D:6)
  5 wights
  A howler monkey (D:4)
  3 jellies
  3 orc priests
  3 hounds
  A gnoll bouda (D:6)
  2 sleepcaps (D:5)
  3 iguanas (D:5)
  2 orc wizards
  Terence (D:2)
  12 adders
  8 gnolls
  A white imp (D:5)
  An ufetubus (D:4)
  2 worms
  2 dart slugs
  11 orcs
  7 ball pythons
  8 endoplasms
  2 giant cockroaches
  8 goblins
  6 hobgoblins
  8 jackals
  13 kobolds
  9 quokkas
  7 bats
  2 frilled lizards
  3 rats
155 creatures vanquished.

Vanquished Creatures (others)
  329 foxfires
329 creatures vanquished.

Grand Total: 484 creatures vanquished

Notes
Turn   | Place    | Note
-------+----------+-------------------------------------------
     0 | D:1      | booth the Djinni Fire Elementalist began the quest for the
                  | Orb.
     0 | D:1      | booth set off with the following spells memorised: Foxfire,
                  | Scorch, Volatile Blastmotes, Inner Flame, Flame Wave.
     0 | D:1      | Reached XP level 1. HP: 15/15 MP: 0/0
    98 | D:1      | Reached XP level 2. HP: 18/21 MP: 0/0
   405 | D:1      | Reached XP level 3. HP: 26/26 MP: 0/0
   405 | D:1      | Learned a level 1 spell: Necrotise
   570 | D:1      | Found Feymm's Antique Armour Boutique.
   831 | D:2      | Reached skill level 1 in Fighting
   952 | D:2      | Noticed Terence
   965 | D:2      | Killed Terence
   966 | D:2      | Reached XP level 4. HP: 23/32 MP: 0/0
  1153 | D:2      | You are sucked into a shaft and drop 2 floors!
  1228 | D:4      | Reached XP level 5. HP: 27/37 MP: 0/0
  1228 | D:4      | Learned a level 2 spell: Lesser Beckoning
  1504 | D:4      | Noticed a sky beast
  1504 | D:4      | Noticed a hornet
  1912 | D:2      | Gained mutation: You possess an exceptional clarity of
                  | mind. [potion of mutation]
  1912 | D:2      | Gained mutation: You are partially covered in iridescent
                  | scales. (AC +2) [potion of mutation]
  1912 | D:2      | Gained mutation: You are somewhat resistant to further
                  | mutation. [potion of mutation]
  1969 | D:3      | Found Oloetin's Armour Shop.
  2029 | D:1      | Bought an embroidered robe for 74 gold pieces
  2333 | D:3      | Noticed Grinder
  2339 | D:3      | Paralysed by Grinder for 5 turns
  2344 | D:3      | Killed Grinder
  2345 | D:3      | Reached XP level 6. HP: 21/45 MP: 0/0
  2345 | D:3      | Reached XP level 7. HP: 23/49 MP: 0/0
  2345 | D:3      | Learned a level 2 spell: Static Discharge
  3291 | D:4      | Killed a hornet
  3292 | D:4      | Reached XP level 8. HP: 43/56 MP: 0/0
  3856 | D:5      | Entered Level 5 of the Dungeon
  3864 | D:4      | Reached skill level 5 in Dodging
  3864 | D:4      | Reached skill level 5 in Spellcasting
  4207 | D:5      | Found an ornate altar of the Wu Jian Council.
  4209 | D:5      | Found a bloodstained altar of Trog.
  4559 | D:5      | Found an opulent altar of Gozag.
  4919 | D:5      | Reached XP level 9. HP: 60/63 MP: 0/0
  4919 | D:5      | Learned a level 4 spell: Dispel Undead
  5169 | D:6      | Noticed Pikel
  5178 | D:5      | Killed Pikel
  5179 | D:5      | Reached skill level 5 in Fighting
  5179 | D:5      | Reached skill level 5 in Stealth
  5546 | D:6      | HP: 1/65 [acid (9)]
  5940 | D:6      | Noticed Maggie
  5955 | D:6      | Killed Maggie
  5956 | D:6      | Reached XP level 10. HP: 61/71 MP: 0/0
  6090 | D:6      | Noticed Dowan
  6097 | D:6      | Noticed Duvessa
  6124 | D:6      | Killed Duvessa
  6124 | D:6      | Killed Dowan
  6905 | D:7      | Found a staircase to the Ecumenical Temple.
  6915 | Temple   | Entered the Ecumenical Temple
  6948 | Temple   | Became a worshipper of Ashenzari the Shackled
  6999 | D:7      | HP: 3/72 [something (4)]
  6999 | D:7      | Mangled by an unseen horror

Illustrated notes

Levels and vault maps discovered:
D:1:      amcnicky_arrival_feature_with_door, layout_rooms, serial_shops,
          nicolae_shop_peninsula, serial_park_tiny_2
D:2:      layout_rooms, minmay_misc_feat_doors, kennysheep_flooded_box,
          uniq_terence
D:3:      layout_basic, serial_shops, shop_fountains, roderic_lattice_a,
          minmay_statues_item, grunt_ministairs_9, minmay_misc_feat_diagonals,
          minmay_gold_behind_fungi, kennysheep_generic_room_15, uniq_grinder
D:4:      minmay_opposing_rooms, layout_basic, nicolae_half_adder
D:5:      minmay_bubble_buster, layout_cave_pools,
          nicolae_gozag_cash_rules_everything_around_me, minitemple, nrook_uturn
D:6:      layout_loops_cross, uniq_duvessa, uniq_maggie, uniq_pikel
D:7:      layout_rooms, minmay_temple_entry_large_hall, uniq_joseph
Temple:   lightli_temple_of_artemis

Skill      XL: |  1  2  3  4  5  6  7  8  9 10 |
---------------+-------------------------------+-----
Stealth        | 2 3 4 5 |  5.9
Fighting       | 1 2 3 4 5 6 |  6.1
Spellcasting   | 3 4 5 6 7 |  7.3
Dodging        | 3 4 5 6 7 |  7.2

Action                     |  1- 3 |  4- 6 |  7- 9 | 10-12 || total
---------------------------+-------+-------+-------+-------++-------
  Melee: Unarmed           |     1 |       |       |       ||     1
         Dagger            |    22 |    40 |   115 |    18 ||   195
         Punch             |       |     1 |       |       ||     1
  Throw: Dart              |       |       |     4 |       ||     4
         Javelin           |       |       |     2 |       ||     2
   Cast: Foxfire           |    49 |    32 |    97 |    13 ||   191
         Scorch            |     3 |    14 |    45 |    15 ||    77
         Necrotise         |       |     2 |       |       ||     2
         Inner Flame       |       |       |     1 |       ||     1
         Static Discharge  |       |       |     4 |     1 ||     5
         Volatile Blastmot |       |       |     1 |       ||     1
         Dispel Undead     |       |       |       |     4 ||     4
    Use: Scroll            |     4 |     3 |     6 |       ||    13
         Potion            |     2 |     5 |     5 |     1 ||    13
   Stab: Sleeping          |       |     1 |       |       ||     1
 Armour: Robe              |     9 |     8 |    43 |     7 ||    67
         Skin              |       |     8 |       |       ||     8
  Dodge: Dodged            |    18 |    39 |   110 |    27 ||   194
